 Dungeon Crawl Stone Soup version 0.29.0-15-g675c0067aa (webtiles) character file.

Game seed: 6909035245171432465

1043 safid the Skirmisher (level 8, -5/69 HPs)
             Began as a Minotaur Hunter on Sept 11, 2022.
             Was a Follower of Okawaru.
             Slain by an ice beast (11 damage)
             ... on level 5 of the Dungeon.
             The game lasted 00:08:25 (5009 turns).

safid the Skirmisher (Minotaur Hunter)              Turns: 5009, Time: 00:08:25

Health: -5/69      AC:  5    Str: 16    XL:     8   Next: 4%
Magic:  7/7        EV: 12    Int:  6    God:    Okawaru [*.....]
Gold:   151        SH:  0    Dex: 16    Spells: 5/7 levels left

rFire   . . .      SeeInvis .   a - +0 shortbow
rCold   . . .      Faith    .   (shield currently unavailable)
rNeg    . . .      Spirit   .   c - +0 leather armour
rPois   .          Reflect  .   (helmet restricted)
rElec   .          Harm     .   (no cloak)
rCorr   .          Rampage  .   m - +0 pair of gloves
Will    .....                   n - +0 pair of boots
Stlth   +.........              (no amulet)
HPRegen 0.21/turn               A - ring of flight
MPRegen 0.10/turn               (no ring)

@: flying
A: horns 2, retaliatory headbutt
a: Renounce Religion, Heroism


You were on level 5 of the Dungeon.
You worshipped Okawaru.
Okawaru was aware of your devotion.
You visited 2 branches of the dungeon, and saw 6 of its levels.

You collected 231 gold pieces.
You spent 80 gold pieces at shops.

Inventory:

Hand Weapons
 a - a +0 shortbow (weapon)
 D - a +4 short sword of freezing
Missiles
 g - 4 throwing nets
 k - 6 javelins
 q - 7 poisoned darts
Armour
 c - a +0 leather armour (worn)
 m - a +0 pair of gloves (worn)
 n - a +0 pair of boots (worn)
Jewellery
 A - a ring of flight (left hand)
Scrolls
 b - 2 scrolls of immolation
 d - a scroll of fear {unknown}
 e - 5 scrolls of identify {unknown}
 j - a scroll of poison {unknown}
 p - a scroll of enchant armour {unknown}
 r - 2 scrolls of enchant weapon {unknown}
 t - a scroll of fog {unknown}
 u - 2 scrolls of teleportation {unknown}
 x - 2 scrolls of blinking {unknown}
 y - a scroll of vulnerability {unknown}
 C - a scroll of magic mapping {unknown}
Potions
 f - 3 potions of might {unknown}
 h - 5 potions of curing {unknown}
 i - 2 potions of lignification {unknown}
 l - 2 potions of degeneration {unknown}
 o - 2 potions of cancellation {unknown}
 s - a potion of attraction {unknown}
 v - a potion of invisibility
 w - a potion of mutation
 z - 2 potions of heal wounds {unknown}


   Skills:
 + Level 5.4 Fighting
 + Level 9.4 Ranged Weapons
 + Level 3.6 Armour
 + Level 2.9 Dodging
 - Level 0.7 Stealth


You had 5 spell levels left.
You knew the following spells:

 Your Spells              Type           Power      Damage    Failure   Level
a - Blink                 Tloc           0%         N/A       65%         2

Your spell library contained the following spells:

 Spells                   Type           Power      Damage    Failure   Level
 Apportation              Tloc           0%         N/A       52%         1
 Necrotise                Necr           0%         1d4       52%         1
 Inner Flame              Hex/Fire       0%         N/A       87%         3
 Lesser Beckoning         Tloc           0%         N/A       87%         3
 Vampiric Draining        Necr           0%         2d6       87%         3
 Cause Fear               Hex            0%         N/A       99%         4
 Agony                    Necr           0%         N/A       100%        5
 Manifold Assault         Tloc           0%         N/A       100%        5
 Discord                  Hex            0%         N/A       100%        8
 Summon Small Mammal      Summ           Unusable   N/A       N/A         1

Dungeon Overview and Level Annotations

Branches:
Dungeon (5/15)             Temple (1/1) D:4

Altars:
Ashenzari
Cheibriados
Dithmenos
Elyvilon
Gozag
Hepliaklqana
Kikubaaqudgha
Makhleb
Okawaru
Qazlal
Ru
Sif Muna
Trog
Vehumet
Wu Jian
Yredelemnul
Zin
The Shining One

Shops:
D:4 *

Annotations:
D:3 1 runed translucent door, Esekla's ghost, amateur VSWn


Innate Abilities, Weirdness & Mutations

You have a pair of horns on your head.
You reflexively headbutt those who attack you in melee.


Message History

The ice beast is heavily wounded.
The ice beast hits you. The ice beast freezes you!
You shoot an arrow.
The arrow hits the ice beast but does no damage.
The ice beast is heavily wounded.
The ice beast hits you but does no damage. x2
You shoot an arrow. The arrow hits the ice beast.
The ice beast is severely wounded.
The ice beast hits you but does no damage.
You shoot an arrow. The arrow hits the ice beast.
The ice beast is severely wounded.
The ice beast hits you. The ice beast freezes you!
You shoot an arrow. The arrow barely misses the ice beast.
The ice beast completely misses you.
You shoot an arrow. The arrow hits the ice beast.
The ice beast is almost dead.
The ice beast hits you. The ice beast freezes you!
You are too injured to fight recklessly!
You are too injured to fight recklessly!
You are too injured to fight recklessly!
You are too injured to fight recklessly!
You are too injured to fight recklessly!
Fire: a) +0 shortbow
Press: ? - help, Q - select action, (/) - cycle Shift-Dir - straight line, f/p - ice beast
Aim: an ice beast (almost dead, 66% to hit)
You shoot an arrow.
The arrow hits the ice beast but does no damage.
The ice beast is almost dead.
The ice beast hits you. The ice beast freezes you!
* * * LOW HITPOINT WARNING * * *
Fire: a) +0 shortbow
Press: ? - help, Q - select action, (/) - cycle Shift-Dir - straight line, f/p - ice beast
Aim: an ice beast (almost dead, 66% to hit)
You shoot an arrow.
The arrow hits the ice beast but does no damage.
The ice beast is almost dead.
The ice beast hits you.
* * * LOW HITPOINT WARNING * * *
The ice beast freezes you!
You die...

... #....# ###.#'##
...
#....#....#######.#...
...
#....#............###.
...
#....#....#######)....
... #....#....# #.#...
...
#....#...)#######.#...
...
#....####.#...........
?..
#...Y####.#....##.###.
..!
#....@...)#.....#...#.
...
#........)#...........
#..
#.........###.#.#.....
. . #########.#
#.#.####.# ... #....#
#.# #.#.# #.#
.....####....###.#
#.#.# #.#
...g.)†gg..g.gg#.#
#.#.# #.#
#########....#.#.#
#.#.# #.#
#............#g#.#
#.#.# #.#


You could see an ice beast.

Vanquished Creatures
  A water moccasin (D:5)
  An ogre (D:4)
  A bullfrog (D:3)
  8 wights (D:5)
  A jelly (D:4)
  3 hounds
  A gnoll bouda (D:4)
  2 iguanas
  5 gnolls (D:5)
  4 adders
  A worm (D:2)
  4 dart slugs
  2 orcs
  3 bats
  8 endoplasms
  5 giant cockroaches
  10 goblins
  6 hobgoblins
  6 jackals
  7 kobolds
  3 quokkas
  2 ball pythons
  6 frilled lizards
  5 rats
95 creatures vanquished.

Notes
Turn   | Place    | Note
-------+----------+-------------------------------------------
     0 | D:1      | safid the Minotaur Hunter began the quest for the Orb.
     0 | D:1      | Reached XP level 1. HP: 18/18 MP: 0/0
   207 | D:1      | Reached XP level 2. HP: 25/25 MP: 1/1
   249 | D:1      | Reached skill level 5 in Ranged Weapons
   520 | D:1      | Reached XP level 3. HP: 30/30 MP: 2/2
  1155 | D:2      | Identified the +7 short sword of the Zealous God {vamp,
                  | rF++ rN+++ Int+2 Stlth-}
  1465 | D:3      | Noticed a bullfrog
  1467 | D:3      | Killed a bullfrog
  1468 | D:3      | Reached skill level 6 in Ranged Weapons
  1468 | D:3      | Reached skill level 1 in Armour
  1468 | D:3      | Reached XP level 4. HP: 38/38 MP: 3/3
  1601 | D:3      | Found a runed translucent door.
  1605 | D:3      | Noticed Esekla's ghost (amateur VSWn)
  1717 | D:3      | Reached XP level 5. HP: 45/45 MP: 4/4
  2126 | D:4      | Learned a level 2 spell: Blink
  2150 | D:4      | Identified the +8 arbalest "Nieffaf" {vorpal, rF+ Will++
                  | MP+9 Dex-5}
  2382 | D:4      | Found Torerema's CLEARANCE SALE!.
  2410 | D:4      | Bought a potion of invisibility for 40 gold pieces
  2410 | D:4      | Bought a potion of mutation for 40 gold pieces
  2718 | D:4      | Noticed an ogre
  2727 | D:4      | Killed an ogre
  2728 | D:4      | Reached XP level 6. HP: 5/52 MP: 5/5
  2896 | D:4      | Reached skill level 7 in Ranged Weapons
  3127 | D:4      | Found a staircase to the Ecumenical Temple.
  3174 | D:5      | Entered Level 5 of the Dungeon
  3541 | D:5      | Reached skill level 8 in Ranged Weapons
  3541 | D:5      | Reached XP level 7. HP: 42/60 MP: 6/6
  3967 | Temple   | Entered the Ecumenical Temple
  4153 | Temple   | Became a worshipper of Warmaster Okawaru
  4310 | D:5      | Reached skill level 5 in Fighting
  4800 | D:5      | Reached skill level 9 in Ranged Weapons
  4980 | D:5      | Reached * piety under Okawaru
  4981 | D:5      | Reached XP level 8. HP: 69/69 MP: 7/7
  5009 | D:5      | Slain by an ice beast

Illustrated notes

Levels and vault maps discovered:
D:1:      lightli_arrival_isolated_outpost, layout_basic, nrook_mini_backslash
D:2:      layout_loops_ring
D:3:      layout_loops_cross, ebering_ghost_reflecting_pool
D:4:      layout_basic, minmay_temple_entry_from_below_a, nicolae_shop_clearance
D:5:      layout_basic, lemuel_tele_altar
Temple:   regret_index_temple_mists

Skill      XL: |  1  2  3  4  5  6  7 |
---------------+----------------------+-----
Ranged Weapons | 5 6 8 9 |  9.4
Fighting       | 3 4 5 |  5.4
Armour         | 1 2 3 |  3.6
Dodging        | |  2.9
Stealth        | |  0.7

Action                   |  1- 3 |  4- 6 |  7- 9 || total
-------------------------+-------+-------+-------++-------
 Fire: Shortbow          |   115 |   108 |   111 ||   334
Armor: Leather armour    |    11 |    12 |    15 ||    38
Dodge: Dodged            |    35 |    27 |    31 ||    93
